%YAML 1.1
%TAG !u! tag:unity3d.com,2011:
--- !u!1 &3037086014958960099
GameObject:
  m_ObjectHideFlags: 0
  m_CorrespondingSourceObject: {fileID: 0}
  m_PrefabInstance: {fileID: 0}
  m_PrefabAsset: {fileID: 0}
  serializedVersion: 6
  m_Component:
  - component: {fileID: 507464066373524034}
  - component: {fileID: 18178348580861624}
  m_Layer: 0
  m_Name: GoldTeeth
  m_TagString: Untagged
  m_Icon: {fileID: 0}
  m_NavMeshLayer: 0
  m_StaticEditorFlags: 0
  m_IsActive: 1
--- !u!4 &507464066373524034
Transform:
  m_ObjectHideFlags: 0
  m_CorrespondingSourceObject: {fileID: 0}
  m_PrefabInstance: {fileID: 0}
  m_PrefabAsset: {fileID: 0}
  m_GameObject: {fileID: 3037086014958960099}
  m_LocalRotation: {x: 0, y: -0.8619789, z: 0, w: 0.50694424}
  m_LocalPosition: {x: 16.92, y: 3.89, z: 3.26}
  m_LocalScale: {x: 1, y: 1, z: 1}
  m_Children:
  - {fileID: 404668132492158869}
  - {fileID: 7203279497303356966}
  m_Father: {fileID: 0}
  m_RootOrder: 0
  m_LocalEulerAnglesHint: {x: 0, y: -119.079, z: 0}
--- !u!54 &18178348580861624
Rigidbody:
  m_ObjectHideFlags: 0
  m_CorrespondingSourceObject: {fileID: 0}
  m_PrefabInstance: {fileID: 0}
  m_PrefabAsset: {fileID: 0}
  m_GameObject: {fileID: 3037086014958960099}
  serializedVersion: 2
  m_Mass: 1
  m_Drag: 0
  m_AngularDrag: 0.05
  m_UseGravity: 1
  m_IsKinematic: 0
  m_Interpolate: 0
  m_Constraints: 0
  m_CollisionDetection: 0
--- !u!1 &7754328156334826376
GameObject:
  m_ObjectHideFlags: 0
  m_CorrespondingSourceObject: {fileID: 0}
  m_PrefabInstance: {fileID: 0}
  m_PrefabAsset: {fileID: 0}
  serializedVersion: 6
  m_Component:
  - component: {fileID: 7203279497303356966}
  - component: {fileID: 8933272721708191499}
  - component: {fileID: 5766559253654477532}
  - component: {fileID: 3660754523892820343}
  m_Layer: 0
  m_Name: Trigger
  m_TagString: Untagged
  m_Icon: {fileID: 0}
  m_NavMeshLayer: 0
  m_StaticEditorFlags: 0
  m_IsActive: 1
--- !u!4 &7203279497303356966
Transform:
  m_ObjectHideFlags: 0
  m_CorrespondingSourceObject: {fileID: 0}
  m_PrefabInstance: {fileID: 0}
  m_PrefabAsset: {fileID: 0}
  m_GameObject: {fileID: 7754328156334826376}
  m_LocalRotation: {x: 0, y: 0, z: 0, w: 1}
  m_LocalPosition: {x: 0, y: 0, z: 0}
  m_LocalScale: {x: 1, y: 1, z: 1}
  m_Children: []
  m_Father: {fileID: 507464066373524034}
  m_RootOrder: 1
  m_LocalEulerAnglesHint: {x: 0, y: 0, z: 0}
--- !u!135 &8933272721708191499
SphereCollider:
  m_ObjectHideFlags: 0
  m_CorrespondingSourceObject: {fileID: 0}
  m_PrefabInstance: {fileID: 0}
  m_PrefabAsset: {fileID: 0}
  m_GameObject: {fileID: 7754328156334826376}
  m_Material: {fileID: 0}
  m_IsTrigger: 1
  m_Enabled: 1
  serializedVersion: 2
  m_Radius: 3.38
  m_Center: {x: 0, y: 0, z: 0}
--- !u!114 &5766559253654477532
MonoBehaviour:
  m_ObjectHideFlags: 0
  m_CorrespondingSourceObject: {fileID: 0}
  m_PrefabInstance: {fileID: 0}
  m_PrefabAsset: {fileID: 0}
  m_GameObject: {fileID: 7754328156334826376}
  m_Enabled: 1
  m_EditorHideFlags: 0
  m_Script: {fileID: 11500000, guid: 21c844d674cf4e4a90f70c9e36cb6564, type: 3}
  m_Name: 
  m_EditorClassIdentifier: 
  hotkeyUsed: 1
  autoUsed: 0
  autoUseActivationTime: 0.5
  interactAudio: {fileID: 0}
  showTooltip: 0
  tipPosition: {x: 0, y: 1, z: 0}
  parent: {fileID: 3037086014958960099}
  rb: {fileID: 0}
--- !u!114 &3660754523892820343
MonoBehaviour:
  m_ObjectHideFlags: 0
  m_CorrespondingSourceObject: {fileID: 0}
  m_PrefabInstance: {fileID: 0}
  m_PrefabAsset: {fileID: 0}
  m_GameObject: {fileID: 7754328156334826376}
  m_Enabled: 1
  m_EditorHideFlags: 0
  m_Script: {fileID: 11500000, guid: f50c68aa2e8d45dda594842b3dd408d1, type: 3}
  m_Name: 
  m_EditorClassIdentifier: 
  hotkeyUsed: 0
  autoUsed: 0
  autoUseActivationTime: 0
  interactAudio: {fileID: 0}
  showTooltip: 0
  tipPosition: {x: 0, y: 1, z: 0}
  commentHotkey: 1
  dialogueName: Dialoge_GoldenZubi
  disableAfterInteract: 0
  destroyAfterInteract: 0
  parent: {fileID: 0}
--- !u!64 &150609973051049660
MeshCollider:
  m_ObjectHideFlags: 0
  m_CorrespondingSourceObject: {fileID: 0}
  m_PrefabInstance: {fileID: 0}
  m_PrefabAsset: {fileID: 0}
  m_GameObject: {fileID: 8312431914884433398}
  m_Material: {fileID: 0}
  m_IsTrigger: 0
  m_Enabled: 1
  serializedVersion: 4
  m_Convex: 1
  m_CookingOptions: 30
  m_Mesh: {fileID: -2432090755550338912, guid: 59744e8d6b057934baea08cf0c2d87d6, type: 3}
--- !u!1001 &150609972116373630
PrefabInstance:
  m_ObjectHideFlags: 0
  serializedVersion: 2
  m_Modification:
    m_TransformParent: {fileID: 507464066373524034}
    m_Modifications:
    - target: {fileID: -8679921383154817045, guid: 59744e8d6b057934baea08cf0c2d87d6, type: 3}
      propertyPath: m_RootOrder
      value: 0
      objectReference: {fileID: 0}
    - target: {fileID: -8679921383154817045, guid: 59744e8d6b057934baea08cf0c2d87d6, type: 3}
      propertyPath: m_LocalPosition.x
      value: 0
      objectReference: {fileID: 0}
    - target: {fileID: -8679921383154817045, guid: 59744e8d6b057934baea08cf0c2d87d6, type: 3}
      propertyPath: m_LocalPosition.y
      value: 0
      objectReference: {fileID: 0}
    - target: {fileID: -8679921383154817045, guid: 59744e8d6b057934baea08cf0c2d87d6, type: 3}
      propertyPath: m_LocalPosition.z
      value: 0
      objectReference: {fileID: 0}
    - target: {fileID: -8679921383154817045, guid: 59744e8d6b057934baea08cf0c2d87d6, type: 3}
      propertyPath: m_LocalRotation.w
      value: 1
      objectReference: {fileID: 0}
    - target: {fileID: -8679921383154817045, guid: 59744e8d6b057934baea08cf0c2d87d6, type: 3}
      propertyPath: m_LocalRotation.x
      value: -0
      objectReference: {fileID: 0}
    - target: {fileID: -8679921383154817045, guid: 59744e8d6b057934baea08cf0c2d87d6, type: 3}
      propertyPath: m_LocalRotation.y
      value: -0
      objectReference: {fileID: 0}
    - target: {fileID: -8679921383154817045, guid: 59744e8d6b057934baea08cf0c2d87d6, type: 3}
      propertyPath: m_LocalRotation.z
      value: -0
      objectReference: {fileID: 0}
    - target: {fileID: -8679921383154817045, guid: 59744e8d6b057934baea08cf0c2d87d6, type: 3}
      propertyPath: m_LocalEulerAnglesHint.x
      value: 0
      objectReference: {fileID: 0}
    - target: {fileID: -8679921383154817045, guid: 59744e8d6b057934baea08cf0c2d87d6, type: 3}
      propertyPath: m_LocalEulerAnglesHint.y
      value: -90
      objectReference: {fileID: 0}
    - target: {fileID: -8679921383154817045, guid: 59744e8d6b057934baea08cf0c2d87d6, type: 3}
      propertyPath: m_LocalEulerAnglesHint.z
      value: 0
      objectReference: {fileID: 0}
    - target: {fileID: 919132149155446097, guid: 59744e8d6b057934baea08cf0c2d87d6, type: 3}
      propertyPath: m_Name
      value: gold_teeth
      objectReference: {fileID: 0}
    m_RemovedComponents: []
  m_SourcePrefab: {fileID: 100100000, guid: 59744e8d6b057934baea08cf0c2d87d6, type: 3}
--- !u!4 &404668132492158869 stripped
Transform:
  m_CorrespondingSourceObject: {fileID: -8679921383154817045, guid: 59744e8d6b057934baea08cf0c2d87d6, type: 3}
  m_PrefabInstance: {fileID: 150609972116373630}
  m_PrefabAsset: {fileID: 0}
--- !u!1 &8312431914884433398 stripped
GameObject:
  m_CorrespondingSourceObject: {fileID: 8164078558771037576, guid: 59744e8d6b057934baea08cf0c2d87d6, type: 3}
  m_PrefabInstance: {fileID: 150609972116373630}
  m_PrefabAsset: {fileID: 0}
